 Dungeon Crawl Stone Soup version 0.31-a0-175-g9f7f995f2b (webtiles) character file.

Game seed: 5299199184130574497

85 qw the Shooter (level 4, 0/28 HPs)
             Began as a Gargoyle Hunter on June 16, 2023.
             Slain by Ijyb
             ... wielding a +0 club
              (2 damage)
             ... on level 3 of the Dungeon.
             The game lasted 00:00:40 (1348 turns).

qw the Shooter (Gargoyle Hunter)                    Turns: 1348, Time: 00:00:40

Health: 0/28       AC:  6    Str: 15    XL:     4   Next: 48%
Magic:  4/4        EV: 11    Int:  9    God:
Gold:   91         SH:  0    Dex: 15    Spells: 3/3 levels left

rFire   . . .        Y - +0 shortbow
rCold   . . .        (shield currently unavailable)
rNeg    + . .        c - +0 leather armour
rPois   inf          (no helmet)
rElec   +            (no cloak)
rCorr   .            (no gloves)
SInv    .            (no boots)
Will    .....        (no amulet)
Stlth   ++           (no ring)
HPRegen 0.24/turn    (no ring)
MPRegen 0.09/turn

%: no passive effects
@: no status effects
A: sickness immunity, AC +3, negative energy resistance 1, electricity
resistance, torment resistance 1, petrification resistance
a: no special abilities


You were on level 3 of the Dungeon.
You visited 1 branch of the dungeon, and saw 3 of its levels.

You collected 91 gold pieces.


Innate Abilities, Weirdness & Mutations

You are immune to sickness and miasma.
Your stone body is resilient. (AC +3)
You are immune to poison.
You resist negative energy. (rN+)
You are resistant to electric shocks. (rElec)
You are resistant to unholy torment.
You are immune to petrification.


   Skills:
 - Level 3.0 Fighting
 + Level 5.4 Ranged Weapons
 - Level 1.5 Dodging
 - Level 1.1 Stealth


You had 3 spell levels left.
You didn't know any spells.
Your spell library was empty.

Inventory:

Hand Weapons
 Y - a +0 shortbow (weapon)
Armour
 b - a +0 ring mail
 c - a +0 leather armour (worn)
 e - a +0 pair of gloves
Scrolls
 d - 2 scrolls of amnesia {unknown}
 f - a scroll of enchant weapon {unknown}
Potions
 a - a potion of heal wounds {unknown}
 g - 2 potions of haste {unknown}
 h - a potion of curing

Dungeon Overview and Level Annotations

Branches:
Dungeon (2/15)

Altars:
Zin

Annotations:
D:3 Ijyb


Message History

Enter note:
Enter note:
Enter note:
Enter note: You shoot an arrow.
The endoplasm quivers.
The arrow hits the endoplasm.
The endoplasm is almost dead.
You shoot an arrow. The arrow hits the endoplasm!
You kill the endoplasm!
A sourceless malevolence fills the Dungeon...
You fall into a shaft and drop 1 floor!
The shaft crumbles and collapses.
A goblin and a rat come into view.
Waypoint 2 assigned to D:3.
You shoot an arrow. The arrow hits the goblin.
You kill the goblin!
You shoot an arrow. The arrow barely misses the rat.
Ijyb the Twisted Goblin comes into view.
She is wielding a +0 club, wearing a +0 scale mail of fire resistance and carrying a wand of mindburst (12).
You shoot an arrow. The arrow hits the rat.
The rat is heavily wounded.
You shoot an arrow. The arrow closely misses the rat.
You shoot an arrow. The arrow hits the rat.
You kill the rat!
Ijyb zaps a wand.
Your mind is blasted!
Ouch! That really hurt!
You shoot an arrow. The arrow barely misses Ijyb.
You shoot an arrow. The arrow hits Ijyb.
Ijyb is lightly wounded.
You shoot an arrow. The arrow hits Ijyb.
Ijyb is moderately wounded.
Ijyb screams, "It's all mine!"
Ijyb drinks a potion.
Ijyb goes berserk!
You shoot an arrow. The arrow closely misses Ijyb.
Ijyb hits you with a +0 club. Ijyb hits you but does no damage.
You shoot an arrow. The arrow hits Ijyb!
Ijyb is heavily wounded.
Ijyb closely misses you. Ijyb hits you with a +0 club!
You shoot an arrow. The arrow hits Ijyb!
Ijyb is severely wounded.
Ijyb hits you with a +0 club.
You die...

## .. #.
...#..#####
....%.g@..#
...#..###.######.#
#. #........# ..
#######..# .. .) .


You could see Ijyb (berserk).

Vanquished Creatures
  4 adders (D:2)
  A worm (D:2)
  A dart slug (D:1)
  3 bats
  4 endoplasms
  A giant cockroach (D:1)
  3 hobgoblins
  2 jackals (D:2)
  A quokka (D:1)
  7 ball pythons
  5 frilled lizards
  4 goblins
  5 kobolds
  4 rats
45 creatures vanquished.

Notes
Turn   | Place    | Note
-------+----------+-------------------------------------------
     0 | D:1      | qw the Gargoyle Hunter began the quest for the Orb.
     0 | D:1      | Reached XP level 1. HP: 12/12 MP: 1/1
     0 | D:1      | 0 ||| qw: Version: 0.2-a-29-g511e9b1
     0 | D:1      | 0 ||| qw: Game counter: 5856
     0 | D:1      | 0 ||| qw: Always use a shield: true
     0 | D:1      | 0 ||| qw: God list: Okawaru
     0 | D:1      | 0 ||| qw: Allow faded altars: false
     0 | D:1      | 0 ||| qw: Do Orc after D:15 true
     0 | D:1      | 0 ||| qw: Do second Lair branch before Depths: true
     0 | D:1      | 0 ||| qw: Lair rune preference: random
     0 | D:1      | 0 ||| qw: Plans: Normal, Zot:1-4, Slime:5, God:TSO, Crypt,
                  | Tomb, Abyss, Pan, Hells, Win
     0 | D:1      | 0 ||| PLANNING D:1-11
    84 | D:1      | Reached XP level 2. HP: 16/17 MP: 2/2
   617 | D:1      | Reached XP level 3. HP: 21/21 MP: 3/3
   668 | D:1      | Reached skill level 5 in Ranged Weapons
   845 | D:1      | 845 ||| DROPPING scarf of invisibility.
   846 | D:1      | 846 ||| READING 3 scrolls labelled GEUZOU MINI.
   847 | D:1      | 847 ||| READING scroll labelled ZAGADU KARUIP.
   848 | D:1      | 848 ||| READING scroll labelled KARHUX MIHATUSCH.
   849 | D:1      | 849 ||| READING scroll labelled GIPA ZECWAUKU.
   850 | D:1      | 850 ||| DRINKING 2 fuming brown potions.
   851 | D:1      | 851 ||| DROPPING 2 scrolls of fear.
   852 | D:1      | 852 ||| DROPPING scroll of butterflies.
   933 | D:2      | Found a faded altar of an unknown god.
   975 | D:2      | Reached skill level 3 in Fighting
   987 | D:2      | HP: 5/23 [jackal (2)]
  1005 | D:2      | 1005 ||| FLEEEEING.
  1128 | D:2      | Reached XP level 4. HP: 28/28 MP: 4/4
  1138 | D:2      | Found a glowing silver altar of Zin.
  1331 | D:2      | You fall into a shaft and drop 1 floor!
  1339 | D:3      | Noticed Ijyb
  1347 | D:3      | HP: 2/28 [Ijyb/+0 club (8)]
  1348 | D:3      | Slain by Ijyb

Levels and vault maps discovered:
D:1:      minmay_arrival_semitransparent, layout_loops_cross,
          kennysheep_decorative_pillar, nicolae_eternal_life,
          palyth_stone_intersect
D:2:      layout_basic, hellmonk_ecumenical_altar_inner_sanctum, basic_altar
D:3:      layout_rooms, uniq_grinder, uniq_ijyb

Skill      XL: |  1  2  3 |
---------------+----------+-----
Ranged Weapons | 5 |  5.4
Fighting       | 3 |  3.0
Dodging        | |  1.5
Stealth        | |  1.1

Action                     |  1- 3 |  4- 6 || total
---------------------------+-------+-------++-------
   Fire: Shortbow          |   134 |    39 ||   173
    Use: Scroll            |     4 |       ||     4
         Potion            |     1 |       ||     1
 Armour: Leather armour    |    39 |     9 ||    48
  Dodge: Dodged            |    65 |     7 ||    72

Table legend:
 A = Non-vault XP
 B = Vault XP
 C = Vault XP percentage of total XP
 D = Non-vault monster count
 E = Vault monster count
 F = Vault count percentage of total count
                 A         B        C        D         E       F
            +---------+---------+-------+---------+---------+-------
      Total |     122 |       0 |   0.0 |      45 |       0 |   0.0
            +---------+---------+-------+---------+---------+-------
        D:1 |      41 |       0 |   0.0 |      27 |       0 |   0.0
        D:2 |      78 |       0 |   0.0 |      16 |       0 |   0.0
        D:3 |       3 |       0 |   0.0 |       2 |       0 |   0.0
            +---------+---------+-------+---------+---------+-------
